 Dungeon Crawl Stone Soup version 0.21.1-1-g345015f (webtiles) character file.

196715 empire the Carver (level 18, -1/264 HPs)
             Began as a Minotaur Fighter on Apr 16, 2018.
             Was the Champion of Cheibriados.
             Slain by a reaper
             ... wielding a +1 scythe of slicing
              (4 damage)
             ... on level 3 of the Abyss.
             The game lasted 02:03:45 (30967 turns).

empire the Carver (Minotaur Fighter)               Turns: 30967, Time: 02:03:46

Health: -1/264     AC: 33    Str: 42    XL:     18   Next: 16%
Magic:  20/20      EV:  2    Int: 23    God:    Cheibriados [******]
Gold:   923        SH:  0    Dex: 31    Spells: 23/28 levels left

rFire    + . .     SeeInvis .   j - +6 scimitar of Ajo Jint {holy, rN++}
rCold    + . .     Gourm    .   Z - +2 shield of Resistance {rF+ rC+ MR+}
rNeg     + + +     Faith    .   (armour currently unavailable)
rPois    +         Spirit   .   (helmet currently unavailable)
rElec    .         Reflect  .   (cloak currently unavailable)
rCorr    .         Harm     .   (gloves currently unavailable)
MR       ++...     NoTele   +   (boots currently unavailable)
Stlth    ++........             (no amulet)
HPRegen  0.00/turn              G - ring "Queblang" {rPois Dex+4}
MPRegen  0.17/turn              A - +4 ring of protection

@: confused, mighty, tree-form, non-regenerating, badly diseased, very slow
A: (retaliatory headbutt), [blurry vision 3], [low mp 2], robust 1, [weak 1]
a: Bend Time, Temporal Distortion, Slouch, Step From Time, Renounce Religion


You were on level 3 of the Abyss.
You worshipped Cheibriados.
Cheibriados was exalted by your worship.
You were not hungry.
You were a tree.
You visited 5 branches of the dungeon, and saw 27 of its levels.
You visited the Abyss 1 time.
You also visited: Ice Cave and Volcano.

You collected 3229 gold pieces.
You spent 2306 gold pieces at shops.

Inventory:

Hand Weapons
 b - a +3 scimitar of flaming
 j - the +6 scimitar of Ajo Jint (weapon) {holy, rN++}
   (You took it off a deep elf demonologist on level 1 of the Elven Halls)

   It has been blessed by the Shining One to cause great damage to the undead
   and demons.
   It greatly protects you from negative energy.
 L - a +2 mace of crushing
 N - a +1 antimagic great mace
Armour
 h - the +6 chain mail of the Cockroach (melded) {*Drain rF+ Regen+ Int+3}
   (You found it on level 1 of the Elven Halls)

   It affects your intelligence (+3).
   It protects you from fire.
   It increases your rate of regeneration.
   It causes draining when unequipped.
 m - a +0 hat (melded)
 o - a +1 pair of gloves (melded)
 r - a +2 cloak of fire resistance (melded)
 t - a +0 pair of boots (melded)
 O - a +3 ring mail of cold resistance
 S - the +3 shield of the Blue Moon {rElec Int+7 Slay-6, unknown}
   (You found it on level 3 of the Elven Halls)

   It affects your intelligence (+7).
   It affects your accuracy and damage with ranged weapons and melee attacks
   (-6).
   It insulates you from electricity.
 Z - the +2 shield of Resistance (worn) {rF+ rC+ MR+}
   (You bought it in a shop on level 2 of the Orcish Mines)

   It protects you from fire.
   It protects you from cold.
   It affects your resistance to hostile enchantments.
Jewellery
 a - an uncursed amulet of rage
 i - an uncursed amulet of the gourmand
 l - an uncursed ring of positive energy
 y - an uncursed ring of protection from magic
 z - an uncursed amulet of harm {unknown}
 A - a +4 ring of protection (right branch)
 B - the ring of the Death Scarab {rPois MR+ Dex+4 Slay-5 SInv, unknown}
   (You found it on level 3 of the Elven Halls)

   [ring of protection from magic]

   It affects your dexterity (+4).
   It affects your accuracy and damage with ranged weapons and melee attacks
   (-5).
   It protects you from poison.
   It affects your resistance to hostile enchantments.
   It lets you see invisible.
 E - the macabre finger necklace {rN+}
   (You found it on level 3 of the Elven Halls)

   [amulet of nothing]

   It protects you from negative energy.
 G - the ring "Queblang" (left branch) {rPois Dex+4}
   (You found it in an ice cave)

   [ring of poison resistance]

   It affects your dexterity (+4).
   It protects you from poison.
 P - an uncursed ring of see invisible
 Q - an uncursed ring of poison resistance
 U - an uncursed ring of poison resistance
Wands
 g - a wand of polymorph (14)
 p - a wand of digging (24)
 s - a wand of enslavement (9)
 I - a wand of disintegration (4)
 J - a wand of acid (3)
 K - a wand of paralysis (47)
 T - a wand of iceblast (22)
Scrolls
 e - 3 scrolls of magic mapping
 k - 6 scrolls of teleportation
 v - a scroll of enchant weapon
 F - 8 scrolls of remove curse
 V - a scroll of fog
Potions
 c - a potion of magic
 n - 2 potions of flight
 q - a potion of might
 M - 2 potions of cancellation
Books
 H - a book of Flames

   Spells                             Type                      Level
   a - Flame Tongue                   Conjuration/Fire             1
   b - Throw Flame                    Conjuration/Fire             2
   c - Conjure Flame                  Conjuration/Fire             3
   d - Inner Flame                    Hexes/Fire                   3
   e - Sticky Flame                   Conjuration/Fire             4
   f - Fireball                       Conjuration/Fire             5
Miscellaneous
 w - a crystal ball of energy
 C - a lightning rod (4/4)
Comestibles
 f - 56 rations
 u - a chunk of flesh


   Skills:
 - Level 14.0 Fighting
 - Level 14.0 Long Blades
 - Level 14.0 Armour
 + Level 13.9 Dodging
 + Level 11.2 Stealth
 - Level 14.0 Shields
 + Level 5.6 Spellcasting
 + Level 10.8 Invocations
 + Level 10.5 Evocations


You had 23 spell levels left.
You knew the following spells:

 Your Spells              Type           Power        Failure   Level  Hunger
a - Shroud of Golubria    Chrm/Tloc      #.........   16%         2    None
b - Regeneration          Chrm/Necr      #.........   30%         3    ##.....


Dungeon Overview and Level Annotations

Branches:
Dungeon (15/15)            Temple (1/1) D:6            Lair (6/6) D:11
  Swamp (0/4) Lair:3        Snake (0/4) Lair:3        Slime (0/5) Lair:6
    Orc (2/2) D:11            Elf (3/3) Orc:2        Vaults (0/5) D:14
 Depths (0/5) D:15

Altars:
Ashenzari
Cheibriados
Dithmenos
Elyvilon
Fedhas
Gozag
Hepliaklqana
Kikubaaqudgha
Makhleb
Nemelex Xobeh
Okawaru
Qazlal
Ru
Sif Muna
Trog
Uskayaw
Vehumet
Wu Jian
Xom
Yredelemnul
Zin
The Shining One
Beogh
Jiyva
Lugonu

Shops:
D:4 ?   D:12 :   Orc:2 *![[   Elf:3 [

Portals:
Trove: D:10 (give +6 demon blade)


Innate Abilities, Weirdness & Mutations

((You reflexively headbutt those who attack you in melee.))
((You have a pair of horns on your head.))
((You can translocate small distances at will.))
You are robust. (+10% HP)
[Scrolls take you much longer to read.]
[Your magical capacity is very low. (-20% MP)]
[You are weak. (Str -2)]


Message History

You swing at nothing.
The hell hound bites you.
* * * LOW HITPOINT WARNING * * *
The golden eye blinks at the ancient zyme.
You are more confused.
The reaper hits you but does no damage.
You swing at nothing.
The hell hound bites you but does no damage.
The ancient zyme hits you but does no damage. x2
The golden eye blinks at the ancient zyme.
You resist with some effort.
You swing at nothing.
The hell hound bites you but does no damage.
The ancient zyme hits you!
* * * LOW HITPOINT WARNING * * *
The ancient zyme hits you but does no damage.
The golden eye blinks!
The hell hound bites you but does no damage.
The reaper hits you from afar with a scythe of slicing!!
* * * LOW HITPOINT WARNING * * *
You die...

. ..# . ......
....... #####
##### ###..G....
...._...#.8.......
. _..
_..._.#Z......#
..._
.._.).#285...# . _
.._..._.h†xh§.# _
. ... _.
.#♣8.÷#..# .._.
._.#.h...# _......
...#.8..## ## #
### #####..# ..#
.#. . # ###. ..


You could see a reaper, an ancient zyme, a raiju, 2 hell hounds, a golden eye,
an ufetubus and a shock serpent zombie.

Vanquished Creatures
  A profane servitor (Abyss:3)
  3 deep elf blademasters
  2 deep elf master archers (Elf:3)
  Agnes (Elf:2)
  Kirke (Lair:6)
  A tentacled starspawn (Abyss:3)
  A daeva (Abyss:3)
  5 deep elf sorcerers
  An orc warlord (Orc:1)
  5 deep elf elementalists
  5 deep elf demonologists
  A dire elephant (D:15)
  8 deep elf annihilators
  6 deep elf death magi (Elf:3)
  Josephine (Orc:2)
  An ettin (Orc:2)
  2 deep elf high priests
  11 hydras
  Fannar (Lair:2)
  A vault guard (D:14)
  A catoblepas (Lair:4)
  4 centaur warriors
  Erica (D:8)
  6 two-headed ogres
  2 tengu warriors (D:15)
  2 orc high priests (Orc:1)
  4 thrashing horrors (Abyss:3)
  24 dancing weapons
  17 deep elf knights
  A fire crab (D:14)
  2 large abominations
  4 wretched stars (Abyss:3)
  6 skeletal warriors
  3 unseen horrors
  A death drake (Abyss:3)
  6 deep elf archers
  18 orc knights
  48 deep elf magi
  An oklob plant (Lair:2)
  2 cyclopes (D:13)
  2 orc sorcerers
  5 ugly things
  A wolf spider (D:15)
  3 manticores
  3 ice statues (IceCv)
  2 salamanders (Volcano)
  A rust devil (Abyss:3)
  8 black mambas
  24 spiny frogs
  Maurice (D:12)
  3 centaur zombies
  A torpor snail (Lair:6)
  A gargoyle (D:12)
  2 efreet
  5 komodo dragons
  6 starcursed masses (Abyss:3)
  6 small abominations
  2 kobold demonologists (D:15)
  A yaktaur (D:13)
  An ancient zyme (Abyss:3)
  3 freezing wraiths
  A queen bee (D:14)
  A tengu conjurer (D:15)
  3 meliai (D:14)
  7 trolls
  6 polar bears
  5 tyrant leeches (Lair:6)
  2 raiju (Abyss:3)
  A harpy skeleton (D:11)
  7 slime creatures
  28 blink frogs
  A meliai zombie (D:11)
  11 hippogriffs
  4 wyverns
  A shadow (D:14)
  A spriggan (shapeshifter) (Elf:1)
  An air elemental (Elf:2)
  Sigmund (D:2)
  82 yaks
  3 fire elementals
  3 fire bats (Volcano)
  6 wraiths
  Eustachio (D:4)
  4 hungry ghosts
  3 basilisks
  2 vampires
  4 water elementals
  A hog (Lair:6)
  2 golden eyes (Abyss:3)
  13 vampire mosquitoes
  12 wargs
  A soldier ant (D:14)
  10 water moccasins
  5 hell hounds
  8 porcupines
  65 orc warriors
  12 ice beasts
  3 phantoms
  7 black bears
  12 ogres
  26 centaurs
  7 wolves
  4 big kobolds
  15 crocodiles
  A gnoll sergeant (D:8)
  32 bullfrogs
  4 earth elementals
  2 scorpions
  A wyvern skeleton (D:7)
  14 killer bees (D:14)
  6 wights
  4 howler monkeys
  3 electric eels
  7 crimson imps
  A bullfrog zombie (D:13)
  A quasit (D:13)
  2 jellies
  5 hounds
  5 centaur skeletons
  20 orc priests
  23 orc wizards
  A bullfrog skeleton (D:4)
  Terence (D:2)
  3 iguanas
  8 worker ants
  2 bullfrog simulacra (D:8)
  A centaur simulacrum (D:8)
  A hound zombie (D:11)
  2 worker ant zombies
  12 adders
  A howler monkey skeleton (D:11)
  5 gnolls
  4 shadow imps
  18 white imps
  3 ufetubi
  An ooze (D:7)
  An adder zombie (D:8)
  An adder skeleton (D:6)
  2 worms
  5 dart slugs
  An adder simulacrum (D:8)
  5 leopard geckos
  116 orcs
  9 bats
  9 giant cockroaches
  10 goblins
  9 hobgoblins
  10 jackals
  A quokka (D:4)
  2 ball pythons
  3 frilled lizards (D:3)
  2 giant cockroach zombies (D:6)
  A jackal zombie (D:6)
  66 kobolds
  A leopard gecko simulacrum (D:8)
  A quokka skeleton (D:9)
  12 rats
  34 bushes
  A crawling corpse (Elf:1)
  23 fungi
  45 plants
1248 creatures vanquished.

Vanquished Creatures (collateral kills)
  An orc priest (Elf:1)
  5 orcs (Elf:1)
6 creatures vanquished.

Vanquished Creatures (others)
  A deep elf death mage (Elf:3)
  A deep elf knight (Elf:1)
  2 humans (Lair:6)
  An orc warrior (D:15)
  A small abomination (Abyss:3)
  A jelly (D:15)
  An orc wizard (D:15)
  A bush (Lair:4)
  3 crawling corpses (Elf:1)
  23 fungi
  39 plants
  2 starspawn tentacles (Abyss:3)
  16 toadstools (Lair:2)
92 creatures vanquished.

Grand Total: 1346 creatures vanquished

Notes
Turn   | Place    | Note
-------+----------+-------------------------------------------
     0 | D:1      | empire the Minotaur Fighter began the quest for the Orb.
     0 | D:1      | Reached XP level 1. HP: 19/19 MP: 0/0
   105 | D:1      | Reached skill level 1 in Dodging
   125 | D:1      | Reached XP level 2. HP: 23/26 MP: 1/1
   340 | D:2      | Noticed Sigmund
   347 | D:1      | Reached XP level 3. HP: 30/31 MP: 2/2
   379 | D:2      | Noticed Terence
   391 | D:2      | Killed Terence
   695 | D:3      | Reached XP level 4. HP: 35/39 MP: 3/3
  1122 | D:4      | Found Osaanos's Magic Scroll Boutique.
  1125 | D:4      | Bought a scroll of teleportation for 42 gold pieces
  1125 | D:4      | Bought a scroll of identify for 28 gold pieces
  1275 | D:4      | Noticed a phantom
  1301 | D:4      | Killed a phantom
  1301 | D:4      | Reached skill level 5 in Long Blades
  1301 | D:4      | Reached XP level 5. HP: 27/45 MP: 4/4
  1677 | D:4      | Reached XP level 6. HP: 40/51 MP: 5/5
  1924 | D:4      | Noticed Eustachio
  1958 | D:4      | Killed Eustachio
  1958 | D:4      | Reached skill level 5 in Dodging
  2382 | D:5      | Entered Level 5 of the Dungeon
  2791 | D:6      | Reached XP level 7. HP: 58/58 MP: 6/6
  2843 | D:6      | Identified the Volume of Burning Flight
  2897 | D:6      | Reached skill level 1 in Stealth
  2897 | D:6      | Reached skill level 1 in Evocations
  3142 | D:6      | Reached XP level 8. HP: 41/67 MP: 8/8
  3458 | D:6      | Reached skill level 5 in Armour
  3595 | D:6      | Found a staircase to the Ecumenical Temple.
  3606 | Temple   | Entered the Ecumenical Temple
  3795 | Temple   | Became a worshipper of Cheibriados the Contemplative
  3964 | D:7      | Reached skill level 5 in Shields
  3975 | D:7      | Reached skill level 5 in Fighting
  4457 | D:7      | Reached XP level 9. HP: 55/74 MP: 10/10
  4516 | D:7      | Reached * piety under Cheibriados
  4874 | D:8      | Noticed a polar bear
  4905 | D:7      | Killed a polar bear
  5307 | D:3      | Reached ** piety under Cheibriados
  5528 | D:3      | Reached *** piety under Cheibriados
  5863 | D:2      | Killed Sigmund
  6658 | D:8      | Reached **** piety under Cheibriados
  6727 | D:8      | Noticed a polar bear
  6742 | D:8      | Killed a polar bear
  6802 | D:8      | Noticed a polar bear
  6826 | D:8      | Killed a polar bear
  7079 | D:8      | Reached XP level 10. HP: 84/84 MP: 11/11
  7118 | D:8      | Found a shimmering altar of Xom.
  7135 | D:8      | Found an ornate altar of the Wu Jian Council.
  7174 | D:8      | Noticed Erica
  7189 | D:8      | Killed Erica
  7437 | D:9      | Reached ***** piety under Cheibriados
  7455 | D:9      | Reached skill level 5 in Stealth
  7456 | D:9      | Noticed a two-headed ogre
  7457 | D:9      | Noticed a two-headed ogre
  7472 | D:9      | Killed a two-headed ogre
  7499 | D:9      | Killed a two-headed ogre
  7499 | D:9      | Reached XP level 11. HP: 75/94 MP: 12/12
  7505 | D:9      | Reached skill level 1 in Invocations
  7938 | D:10     | Entered Level 10 of the Dungeon
  8061 | D:10     | Reached skill level 10 in Long Blades
  8343 | D:10     | Found a portal to a secret trove of treasure.
  8608 | D:11     | Found a staircase to the Orcish Mines.
  8755 | D:11     | Reached ****** piety under Cheibriados
  8780 | D:11     | Noticed a centaur warrior
  8780 | D:11     | Noticed a fire dragon
  8782 | D:11     | Noticed a two-headed ogre
  8783 | D:11     | Killed a centaur warrior
  8802 | D:11     | Found a staircase to the Lair.
  9117 | D:11     | Killed an unseen horror
  9143 | D:11     | Got a pair of ichor-stained gloves
  9611 | D:11     | Killed a two-headed ogre
  9618 | D:11     | Noticed an orc knight
  9630 | D:11     | Killed an orc knight
  9699 | D:11     | Reached XP level 12. HP: 51/104 MP: 14/14
 10196 | D:12     | Noticed Maurice
 10206 | D:12     | Killed Maurice
 10207 | D:12     | Found Haank's Book Boutique.
 10215 | D:12     | Bought a book of Battle for 600 gold pieces
 10339 | D:12     | Reached skill level 5 in Evocations
 10384 | D:12     | Noticed a centaur warrior
 10389 | D:12     | Killed a centaur warrior
 10711 | D:12     | Reached skill level 10 in Armour
 10718 | D:12     | Reached skill level 10 in Dodging
 10719 | D:12     | Reached skill level 10 in Shields
 11049 | D:13     | Noticed a six-headed hydra
 11056 | D:13     | Killed a four-headed hydra
 11056 | D:13     | Reached skill level 10 in Fighting
 11068 | D:13     | Reached skill level 5 in Invocations
 11573 | D:13     | Identified the cursed +0 pair of gloves of the Lovers {Int+2} (You found it on level 11 of the Dungeon)
 11648 | D:13     | Reached XP level 13. HP: 113/113 MP: 16/16
 12068 | D:13     | Got a jewelled short sword
 13009 | D:14     | Identified the Guide on Poisonous Necromancy
 13065 | D:14     | Found a bloodstained altar of Trog.
 13356 | D:14     | Got an encrusted trident
 13357 | D:14     | Found a gate to the Vaults.
 13512 | D:15     | Entered Level 15 of the Dungeon
 13605 | D:15     | Found a staircase to the Depths.
 13605 | D:15     | Noticed a dire elephant
 14441 | D:15     | Found a corrupted altar of Lugonu.
 14494 | D:15     | Killed a dire elephant
 14494 | D:15     | Reached XP level 14. HP: 102/124 MP: 18/18
 14832 | Lair:1   | Entered Level 1 of the Lair of Beasts
 14867 | Lair:1   | Found a dark tunnel.
 14876 | Lair:1   | Identified the +4 trident of Fixation {drain, rElec Str+4 Dex-4} (You found it on level 14 of the Dungeon)
 14882 | Volcano  | Entered a volcano
 16078 | Lair:2   | Noticed Fannar
 16085 | Lair:2   | Killed Fannar
 16508 | Lair:2   | Found a blossoming altar of Fedhas.
 17163 | Lair:3   | Found a staircase to the Snake Pit.
 17355 | Lair:3   | Found a staircase to the Swamp.
 17737 | Lair:4   | Reached skill level 1 in Spellcasting
 17769 | Lair:4   | Identified the +1 short sword "Foth" {pierce, rN+} (You found it on level 13 of the Dungeon)
 18003 | Temple   | Learned a level 2 spell: Shroud of Golubria
 18007 | Temple   | Learned a level 3 spell: Regeneration
 18246 | Lair:4   | Found a shimmering altar of Xom.
 19798 | Lair:6   | Entered Level 6 of the Lair of Beasts
 19832 | Lair:6   | Reached XP level 15. HP: 106/132 MP: 19/19
 19900 | Lair:6   | Noticed Kirke
 20180 | Lair:6   | Killed Kirke
 20278 | Lair:6   | Found a frozen archway.
 20307 | IceCv    | Entered an ice cave
 20624 | IceCv    | HP: 5/133 [ice statue/bolt of cold (14)]
 21034 | IceCv    | Got a steaming wooden ring
 21395 | Lair:6   | Found a viscous altar of Jiyva.
 21395 | Lair:6   | Found a staircase to the Slime Pits.
 22274 | Orc:1    | Entered Level 1 of the Orcish Mines
 22318 | Orc:1    | Noticed an orc warlord
 22338 | Orc:1    | Killed an orc warlord
 22520 | Orc:1    | HP: 5/134 [orc high priest/divine providence (12)]
 23097 | Orc:2    | Entered Level 2 of the Orcish Mines
 23227 | Orc:1    | Found a roughly hewn altar of Beogh.
 23956 | Orc:2    | Noticed Josephine
 23967 | Orc:2    | Killed Josephine
 24178 | Orc:2    | Found Caod's Armour Shoppe.
 24178 | Orc:2    | Found Zis Argh's Antique Armour Shop.
 24195 | Orc:2    | Bought the +2 shield of Resistance {rF+ rC+ MR+} for 945 gold pieces
 24195 | Orc:2    | Found the +2 shield of Resistance {rF+ rC+ MR+}
 24267 | Orc:2    | Found a staircase to the Elven Halls.
 24381 | Orc:2    | Reached XP level 16. HP: 133/141 MP: 15/21
 24405 | Orc:2    | Found a roughly hewn altar of Beogh.
 24473 | Orc:2    | Found Imoam's Distillery.
 24473 | Orc:2    | Found Kibbiom's Assorted Antiques.
 24481 | Orc:2    | Bought a potion of agility for 56 gold pieces
 24481 | Orc:2    | Bought a potion of cancellation for 112 gold pieces
 24481 | Orc:2    | Bought a potion of heal wounds for 70 gold pieces
 24481 | Orc:2    | Bought a potion of ambrosia for 112 gold pieces
 24481 | Orc:2    | Bought a potion of curing for 42 gold pieces
 24538 | Orc:2    | Bought a potion of heal wounds for 130 gold pieces
 24538 | Orc:2    | Bought a scroll of fear for 91 gold pieces
 24538 | Orc:2    | Bought a scroll of teleportation for 78 gold pieces
 25176 | Elf:1    | Entered Level 1 of the Elven Halls
 25205 | Elf:1    | Found a radiant altar of Vehumet.
 25346 | Elf:1    | Identified the ring "Queblang" {rPois Dex+4} (You found it in an ice cave)
 25703 | Temple   | Gained mutation: You can translocate small distances at will. [potion of mutation]
 25703 | Temple   | Gained mutation: You are robust. (+10% HP) [potion of mutation]
 26011 | Elf:1    | Got an ichor-stained chain mail
 26314 | Elf:1    | Identified the +6 chain mail of the Cockroach {*Drain rF+ Regen+ Int+3} (You found it on level 1 of the Elven Halls)
 26483 | Elf:1    | Noticed an Ice Fiend
 26494 | Elf:1    | Noticed a Brimstone Fiend
 26496 | Elf:1    | Noticed an Executioner
 26846 | Elf:1    | Got a smoking scimitar {holy}
 26847 | Elf:1    | Identified the +6 scimitar of Ajo Jint {holy, rN++} (You took it off a deep elf demonologist on level 1 of the Elven Halls)
 27047 | Elf:2    | Reached skill level 10 in Stealth
 27058 | Elf:2    | Noticed Agnes
 27107 | Elf:2    | Found a runed gate.
 27107 | Elf:2    | Found a runed gate.
 27109 | Elf:2    | Found a runed gate.
 27575 | Elf:2    | Killed Agnes
 27575 | Elf:2    | Reached XP level 17. HP: 141/165 MP: 23/23
 27833 | Elf:2    | Noticed a deep elf blademaster
 27847 | Elf:2    | Killed a deep elf blademaster
 29055 | Elf:3    | Entered Level 3 of the Elven Halls
 29163 | Elf:3    | Reached skill level 10 in Invocations
 29316 | Elf:3    | Found Qeymijuf's Antique Armour Shop.
 29498 | Elf:3    | Found the macabre finger necklace {rN+}
 29507 | Elf:3    | Got a clouded iron ring
 29521 | Elf:3    | Got an ancient shield
 29638 | Elf:3    | Noticed a Brimstone Fiend
 29647 | Elf:3    | Noticed a deep elf blademaster
 29650 | Elf:3    | Noticed a Tzitzimitl
 29652 | Elf:3    | Noticed a Tzitzimitl
 29671 | Elf:3    | Killed a deep elf blademaster
 29703 | Elf:3    | Noticed a deep elf master archer
 29704 | Elf:3    | HP: 1/166 [deep elf death mage/bolt of negative energy (8)]
 30161 | Elf:3    | Reached skill level 10 in Evocations
 30200 | Elf:3    | Reached skill level 5 in Spellcasting
 30303 | Elf:3    | Noticed a deep elf blademaster
 30313 | Elf:3    | Killed a deep elf blademaster
 30465 | Elf:3    | Killed a deep elf master archer
 30467 | Elf:3    | Noticed a deep elf master archer
 30475 | Elf:3    | Killed a deep elf master archer
 30601 | Elf:3    | Cast into level 3 of the Abyss (a deep elf sorcerer)
 30624 | Abyss:3  | Found an ancient bone altar of Kikubaaqudgha.
 30624 | Abyss:3  | Found an iron altar of Okawaru.
 30624 | Abyss:3  | Found a blossoming altar of Fedhas.
 30624 | Abyss:3  | Found a hide-covered altar of Uskayaw.
 30624 | Abyss:3  | Found a snail-covered altar of Cheibriados.
 30624 | Abyss:3  | Found a white marble altar of Elyvilon.
 30625 | Abyss:3  | Found a basalt altar of Yredelemnul.
 30625 | Abyss:3  | Found a sparkling altar of Nemelex Xobeh.
 30625 | Abyss:3  | Found a hazy altar of Hepliaklqana.
 30625 | Abyss:3  | Found a radiant altar of Vehumet.
 30626 | Abyss:3  | Found a glowing silver altar of Zin.
 30633 | Abyss:3  | Found an opulent altar of Gozag.
 30633 | Abyss:3  | Found a deep blue altar of Sif Muna.
 30633 | Abyss:3  | Found a stormy altar of Qazlal.
 30635 | Abyss:3  | Found an ornate altar of the Wu Jian Council.
 30635 | Abyss:3  | Found a glowing golden altar of the Shining One.
 30635 | Abyss:3  | Found a shattered altar of Ashenzari.
 30635 | Abyss:3  | Found a bloodstained altar of Trog.
 30637 | Abyss:3  | Found a shadowy altar of Dithmenos.
 30637 | Abyss:3  | Found a burning altar of Makhleb.
 30637 | Abyss:3  | Found a shattered altar of Ashenzari.
 30670 | Abyss:3  | Found a hazy altar of Hepliaklqana.
 30676 | Abyss:3  | Found a glowing golden altar of the Shining One.
 30678 | Abyss:3  | Found a burning altar of Makhleb.
 30678 | Abyss:3  | Found a shattered altar of Ashenzari.
 30708 | Abyss:3  | Found a hide-covered altar of Uskayaw.
 30717 | Abyss:3  | Reached XP level 18. HP: 91/128 MP: 25/25
 30729 | Abyss:3  | Found a snail-covered altar of Cheibriados.
 30730 | Abyss:3  | Found a radiant altar of Vehumet.
 30731 | Abyss:3  | Found a glowing silver altar of Zin.
 30736 | Abyss:3  | Found a deep blue altar of Sif Muna.
 30738 | Abyss:3  | Found an ornate altar of the Wu Jian Council.
 30738 | Abyss:3  | Found a glowing golden altar of the Shining One.
 30738 | Abyss:3  | Found a bloodstained altar of Trog.
 30740 | Abyss:3  | Found a shadowy altar of Dithmenos.
 30740 | Abyss:3  | Found a burning altar of Makhleb.
 30740 | Abyss:3  | Found a shattered altar of Ashenzari.
 30916 | Abyss:3  | Noticed a profane servitor
 30928 | Abyss:3  | Killed a profane servitor
 30941 | Abyss:3  | Found a hide-covered altar of Uskayaw.
 30967 | Abyss:3  | HP: 3/264 [reaper/scythe of slicing (23)]
 30967 | Abyss:3  | Slain by a reaper

Skill      XL: |  1  2  3  4  5  6  7  8  9 10 11 12 13 14 15 16 17 |
---------------+----------------------------------------------------+-----
Dodging        | 1 2 4 5 6 7 8 9 10 11 12 13 | 13.9
Long Blades    | 3 4 5 6 7 8 9 10 11 12 13 14 | 14.0
Fighting       | 4 5 6 8 9 10 11 12 13 14 | 14.0
Armour         | 4 5 6 8 9 10 11 12 13 14 | 14.0
Shields        | 4 5 6 8 9 10 11 12 13 14 | 14.0
Stealth        | 1 2 4 5 6 7 8 9 10 11 | 11.2
Evocations     | 1 2 3 4 5 6 7 8 9 10 | 10.5
Invocations    | 3 5 6 7 8 9 10 | 10.8
Spellcasting   | 1 3 4 5 |  5.6

Action                   |  1- 3 |  4- 6 |  7- 9 | 10-12 | 13-15 | 16-18 || total
-------------------------+-------+-------+-------+-------+-------+-------++-------
Melee: Long sword        |   100 |   126 |   163 |    16 |       |       ||   405
       Headbutt          |     8 |    22 |   102 |   192 |   663 |   316 ||  1303
       Scimitar          |       |       |   256 |   462 |  1429 |   802 ||  2949
Invok: Slouch            |       |       |       |       |     2 |     1 ||     3
 Abil: Blink             |       |       |       |       |       |     1 ||     1
Evoke: Wand              |       |       |     9 |     1 |    28 |    15 ||    53
       Lightning rod     |       |       |       |       |     3 |     6 ||     9
       Sack of spiders   |       |       |       |       |       |     2 ||     2
  Use: Scroll            |       |     6 |    16 |    12 |    21 |    10 ||    65
       Potion            |       |     1 |     9 |     3 |    12 |    16 ||    41
 Stab: Paralysed         |       |       |    19 |     3 |       |       ||    22
       Sleeping          |       |       |       |    13 |     6 |     2 ||    21
       Distracted        |       |       |       |     1 |     1 |     1 ||     3
       Petrified         |       |       |       |       |     2 |       ||     2
       Invisible         |       |       |       |       |     2 |       ||     2
  Eat: Chunk             |       |     4 |     9 |    10 |    22 |    11 ||    56
       Ration            |       |     1 |       |       |     1 |     1 ||     3
Armor: Scale mail        |    17 |       |       |       |       |       ||    17
       Chain mail        |    41 |    60 |   193 |   128 |   341 |   236 ||   999
       Skin              |       |       |    33 |    19 |    11 |    27 ||    90
Dodge: Dodged            |    38 |    45 |   222 |   207 |   809 |   501 ||  1822
Block: Shield            |    54 |    58 |   322 |   349 |  1140 |   723 ||  2646
       Rpst.: Long sword |     8 |    10 |    12 |     1 |       |       ||    31
       Scimitar          |       |       |    23 |    35 |   181 |    79 ||   318
